 Dungeon Crawl Stone Soup version 0.17-a0-1636-g3119f2b (webtiles) character file.

1914 maniek23 the Sneak (level 8, 0/61 HPs)
             Began as a Demonspawn Assassin on Aug 5, 2015.
             Was a Believer of Makhleb.
             Slain by Grum
             ... wielding a +0 spear
              (17 damage)
             ... on level 8 of the Dungeon.
             The game lasted 00:32:16 (5743 turns).

maniek23 the Sneak (Demonspawn Assassin)            Turns: 5743, Time: 00:32:16

Health: 0/61       AC:  9    Str: 11    XL:     8   Next: 95%
Magic:  11/11      EV: 13    Int: 13    God:    Makhleb [**....]
Gold:   319        SH:  0    Dex: 17    Spells: 0 memorised, 7 levels left

rFire  + . .     SeeInvis .     a - +1 dagger (freeze)
rCold  + + .     Clarity  .     z - +0 leather armour
rNeg   + . .     SustAt   .     (no shield)
rPois  +         Gourm    .     i - +2 hat
rElec  +         Spirit   .     d - +0 cloak
rCorr  +         Warding  +     (no gloves)
rMut   .         Stasis   .     (no boots)
MR     .....                    E - amulet of warding
Stlth  +++.......               w - +2 ring of protection
                                u - ring of protection from cold

@: resistant, not resistant to hostile enchantments, fairly stealthy
A: talons 2, molten scales 1
a: Minor Destruction, Renounce Religion


You were on level 8 of the Dungeon.
You worshipped Makhleb.
Makhleb was pleased with you.
You were not hungry.

You visited 2 branches of the dungeon, and saw 9 of its levels.

You collected 319 gold pieces.

Inventory:

Hand weapons
 a - a +1 dagger of freezing (weapon)
 b - a +0 blowgun
 p - a cursed -2 flail
 H - a +2 dagger
 J - a +1 dagger of flaming
 K - a +0 rapier
Missiles
 e - 20 poisoned needles
 f - 2 curare-tipped needles
 o - 190 stones (quivered)
 q - 5 tomahawks
 T - 6 needles of frenzy
Armour
 c - a +0 robe
 d - a +0 cloak (worn)
 i - a +2 hat (worn)
 v - a +2 shield
 z - a +0 leather armour (worn)
 F - a +1 pair of boots
 I - a +0 scale mail
 L - a +2 ring mail of fire resistance
 Q - a +0 buckler
Jewellery
 u - a ring of protection from cold (left hand)
 w - a +2 ring of protection (right hand)
 E - an amulet of warding (around neck)
 S - an uncursed ring of magical power
 W - the amulet "Engienuc" {rCorr rPois Dex+2, unknown}
   (You found it on level 9 of the Dungeon)

   [amulet of resist corrosion]

   It protects you from acid and corrosion.
   It affects your dexterity (+2).
   It protects you from poison.
Magical devices
 M - a wand of slowing (44)
Scrolls
 k - 3 scrolls of teleportation
 n - a scroll of blinking
 r - 2 scrolls of amnesia
 y - 3 scrolls of remove curse {unknown}
 A - 2 scrolls of recharging
 D - a scroll of enchant weapon {unknown}
 G - 2 scrolls of noise {unknown}
 O - a scroll of identify
 U - a scroll of random uselessness {unknown}
 V - a scroll of fog {unknown}
Potions
 h - 3 potions of invisibility
 l - 3 potions of curing
 m - a potion of degeneration {unknown}
 s - a potion of might {unknown}
 x - a potion of haste {unknown}
 C - a potion of lignification {unknown}
 N - a potion of cure mutation {unknown}
 P - a potion of brilliance {unknown}
 R - 2 potions of heal wounds {unknown}
Comestibles
 g - 5 bread rations
 t - 2 slices of pizza
 B - a beef jerky
 X - 3 chunks of flesh


   Skills:
 * Level 4.8 Fighting
 + Level 4.1 Short Blades
 * Level 6.0 Throwing
 + Level 3.6 Dodging
 + Level 6.2 Stealth
 + Level 5.0 Invocations


You had 7 spell levels left.
You didn't know any spells.

Dungeon Overview and Level Annotations

Branches:
Dungeon (9/15)             Temple (1/1) D:5
   Lair: D:8-11         Orc: D:9-12

Altars:
Ashenzari
Cheibriados
Gozag
Kikubaaqudgha
Makhleb
Nemelex Xobeh
Okawaru
Qazlal
Ru
Sif Muna
Trog
Vehumet
Xom
Yredelemnul
Zin
The Shining One

Shops:
D:4 [   D:6 *

Annotations:
D:8 Grum


Innate Abilities, Weirdness & Mutations

You have razor-sharp toenails.
You are partially covered in molten scales (AC +1).


Message History

The wolf is moderately wounded.
The wolf barely misses you.
You miss the wolf. Your kick misses the wolf.
The wolf is moderately wounded.
The wolf barely misses you. Grum hits you with a spear! The wolf bites you!
You miss the wolf.
The wolf is moderately wounded.
Grum hits you with a spear! The wolf barely misses you.
Drink which item? (? for menu, Esc to quit)
You feel better. The wolf bites you! Grum hits you with a spear!
* * * LOW HITPOINT WARNING * * *
The wolf bites you.
* * * LOW HITPOINT WARNING * * *
Drink which item? (? for menu, Esc to quit)
You feel protected. The wolf barely misses you. Grum closely misses you.
You hit the wolf but do no damage. Your kick misses the wolf.
The wolf is heavily wounded.
The wolf barely misses you. Grum hits you with a spear!
You die...

##..."....#
..........##
#.........
#........#
#........#
#........#
#.....>h.#
#.....@g(#
#........#
#........#
##########


You could see Grum and a wolf.

Vanquished Creatures
  2 humans (D:9)
  A wolf (D:9)
  Duvessa (D:4)
  A centaur (D:5)
  3 ogres
  2 ice beasts
  A big kobold (D:5)
  Dowan (D:4)
  A crimson imp (D:6)
  A giant frog zombie (D:6)
  4 orc wizards
  3 orc priests
  2 worker ants
  3 hounds
  2 iguanas (D:5)
  A hound zombie (D:5)
  9 adders
  12 gnolls
  A shadow imp (D:5)
  An ooze (D:1)
  An adder skeleton (D:4)
  An adder zombie (D:5)
  4 worms
  A giant gecko (D:1)
  21 orcs
  9 bats
  4 giant cockroaches
  8 goblins
  6 hobgoblins
  2 ball pythons (D:3)
  A ball python zombie (D:6)
  5 giant newts
  9 jackals
  14 kobolds
  4 quokkas
  6 rats
148 creatures vanquished.

Vanquished Creatures (others)
  A wizard (D:5)
1 creature vanquished.

Grand Total: 149 creatures vanquished

Notes
Turn   | Place    | Note
--------------------------------------------------------------
     0 | D:1      | maniek23 the Demonspawn Assassin began the quest for the Orb.
     0 | D:1      | Reached XP level 1. HP: 16/16 MP: 1/1
    18 | D:1      | Reached skill level 4 in Stealth
    18 | D:1      | Gained mutation: You are partially covered in molten scales (AC +1). [demonic ancestry]
    18 | D:1      | Reached XP level 2. HP: 22/22 MP: 2/2
   349 | D:1      | Reached XP level 3. HP: 27/27 MP: 3/3
   397 | D:1      | Reached skill level 1 in Dodging
   926 | D:2      | Reached XP level 4. HP: 33/33 MP: 4/4
  1809 | D:3      | Reached XP level 5. HP: 25/39 MP: 5/5
  2000 | D:3      | Found a sacrificial altar of Ru.
  2465 | D:3      | Found a burning altar of Makhleb.
  2471 | D:3      | Became a worshipper of Makhleb the Destroyer
  2649 | D:4      | Reached skill level 1 in Invocations
  2649 | D:4      | Gained mutation: You have sharp toenails. [demonic ancestry]
  2649 | D:4      | Reached XP level 6. HP: 46/46 MP: 6/6
  2675 | D:4      | Found a deep blue altar of Sif Muna.
  2706 | D:4      | Reached skill level 5 in Stealth
  2914 | D:4      | Noticed an ogre
  2919 | D:4      | Killed an ogre
  2959 | D:4      | Acquired Makhleb's first power
  3006 | D:4      | Noticed an ogre
  3022 | D:4      | Killed an ogre
  3022 | D:4      | Reached XP level 7. HP: 42/52 MP: 8/8
  3259 | D:4      | Found Arrefe's Armour Shoppe.
  3292 | D:5      | Entered Level 5 of the Dungeon
  3292 | D:5      | Noticed Duvessa
  3293 | D:5      | Noticed Dowan
  3302 | D:4      | Killed Duvessa
  3314 | D:4      | Killed Dowan
  3530 | D:5      | Found an opulent altar of Gozag.
  3592 | D:5      | Found a staircase to the Ecumenical Temple.
  3600 | Temple   | Entered the Ecumenical Temple
  3890 | D:5      | Found a bloodstained altar of Trog.
  3891 | D:5      | Noticed a wizard
  3897 | D:5      | Killed a wizard
  4076 | D:5      | Found a shimmering altar of Xom.
  4105 | D:5      | Gained mutation: You have razor-sharp toenails. [demonic ancestry]
  4105 | D:5      | Reached XP level 8. HP: 60/60 MP: 10/10
  4188 | D:5      | Reached skill level 5 in Throwing
  4212 | D:5      | Acquired Makhleb's second power
  4270 | D:5      | Found a basalt altar of Yredelemnul.
  4661 | D:6      | Found a glowing golden altar of the Shining One.
  5138 | D:6      | Reached skill level 6 in Stealth
  5342 | D:6      | Found Mat Xuin's Assorted Antiques.
  5350 | D:6      | You fall through a shaft for 3 floors!
  5441 | D:9      | Got a clouded jade amulet
  5443 | D:9      | Found an iron altar of Okawaru.
  5580 | D:8      | Noticed Grum
  5605 | D:9      | Reached skill level 5 in Invocations
  5743 | D:8      | Slain by Grum

Vault maps used:
D:1:      dpeg_arrival_fog
D:2:      first_bread
D:3:      nicolae_ru_great_annihilating_truth, lightli_temple_of_fire
D:4:      led_sif_book, serial_shops, nicolae_shop_window_shopping
D:5:      lemuel_coloured_pillars_altar, lemuel_round_altar,
          nicolae_overflow_hidden_temple, temple_green, grunt_ministairs_14,
          trog_wizard, uniq_duvessa
D:6:      tso_metal_star, serial_shops, shop
D:8:      david_lair_shrubbed, serial_shops, nicolae_shop_behind_doors,
          nicolae_shop_trees, nicolae_shop_stone, uniq_grum
D:9:      okawaru_humans, grunt_dithmenos_smoke
Temple:   minmay_temple_bridge_b_8

Action                   |  1- 3 |  4- 6 |  7- 9 || total
-------------------------+-------+-------+-------++-------
Melee: Dagger            |    84 |   234 |   378 ||   696
 Fire: Blowgun           |     8 |    31 |    48 ||    87
Throw: Stone             |     8 |    44 |    21 ||    73
       Tomahawk          |     3 |       |     4 ||     7
Evoke: Wand              |       |       |     2 ||     2
  Use: Scroll            |       |     5 |     1 ||     6
       Potion            |       |       |     4 ||     4
 Stab: Sleeping          |    14 |    13 |    13 ||    40
       Distracted        |       |     1 |     1 ||     2
       Invisible         |       |     1 |       ||     1
       Paralysed         |       |     1 |       ||     1
  Eat: Chunk             |       |     6 |    10 ||    16
